| TOP OF THE 1ST |
|
Helena Brewers batting - Pitching for Philadelphia (APP) Phillies : LHP Justin Harrison
|
|
Pitching: LHP Justin Harrison
|
|
|
Batting: RHB Jeremy Harden
|
0-0: Called Strike 0-1: Foul Ball, location: 2F 0-2: Foul Ball, location: 2F 0-2: Fly out, F7 (Line Drive, 78M, EV 97.5 MPH)
|
|
Batting: RHB Mohammed bin Ubaida
|
0-0: Ball 1-0: Swinging Strike 1-1: Foul Ball, location: 2F 1-2: Ball 2-2: Ball 3-2: Base on Balls
|
|
Batting: LHB Fumito Sakurai
|
0-0: Ball 1-0: Foul Ball, location: 2F 1-1: Called Strike 1-2: Ball 2-2: Ball 3-2: Reached on error, E6 (Groundball, 56, EV 109.4 MPH) Mohammed bin Ubaida to second
|
|
Batting: RHB Xiao-shuang Au
|
0-0: Ball 1-0: Ball 2-0: Called Strike 2-1: Ball 3-1: Foul Ball, location: 2F 3-2: Fly out, F8 (Flyball, 8LD, EV 107.5 MPH)
|
|
Batting: LHB Greg Reedy
|
0-0: Ball 1-0: Foul Ball, location: 2F 1-1: Ball 2-1: Ball 3-1: Base on Balls Mohammed bin Ubaida to third Fumito Sakurai to second
|
|
Batting: RHB Drew Forbess
|
0-0: Called Strike 0-1: Ball 1-1: Foul Ball, location: 2F 1-2: GRAND SLAM HOME RUN (Flyball, 9D, EV 95.0 MPH), Distance : 348 ft
|
|
Batting: LHB Alex Chairez
|
0-0: Ball 1-0: Ball 2-0: Foul Ball, location: 2F 2-1: Ball 3-1: Foul Ball, location: 2F 3-2: Fly out, F1 (Line Drive, P, EV 63.8 MPH)
|
| Top of the 1st over - 4 runs, 1 hit, 1 error, 0 left on base; Helena 4 - Philadelphia (APP) 0 |
| BOTTOM OF THE 1ST |
|
Philadelphia (APP) Phillies batting - Pitching for Helena Brewers : LHP Sam Glaser
|
|
Pitching: LHP Sam Glaser
|
|
|
Batting: LHB Jonathan Roman
|
0-0: Ball 1-0: Ground out 1-3 (Groundball, 13, EV 67.5 MPH)
|
|
Batting: RHB Dave Gallegos
|
0-0: Ball 1-0: Ground out 6-3 (Groundball, 6, EV 101.9 MPH)
|
|
Batting: LHB Rich Kuehne
|
0-0: SINGLE (Line Drive, 9S, EV 108.1 MPH)
|
|
Batting: RHB Juan Valadez
|
0-0: Ball 1-0: SINGLE (Groundball, 34D, EV 112.5 MPH) Rich Kuehne to second Runner from 2nd tries for 3rd, SAFE, throw by RF made to third
|
|
Batting: RHB Joel Gomez
|
0-0: Ball 1-0: Ball 2-0: Ball 3-0: Swinging Strike 3-1: Foul Ball, location: 2F 3-2: Base on Balls Juan Valadez to second
|
|
Batting: RHB Rafael Soto
|
0-0: Fielders Choice at 2nd, 6-4 (Groundball, 6, EV 93.1 MPH)
|
| Bottom of the 1st over - 0 runs, 2 hits, 0 errors, 3 left on base; Helena 4 - Philadelphia (APP) 0 |
| TOP OF THE 2ND |
|
Helena Brewers batting - Pitching for Philadelphia (APP) Phillies : LHP Justin Harrison
|
|
Batting: RHB Justin Marino
|
0-0: Ball 1-0: Ball 2-0: Ball 3-0: Called Strike 3-1: Ground out U3 (Groundball, 3, EV 101.2 MPH)
|
|
Batting: LHB Dusty Bryant
|
0-0: Called Strike 0-1: Fly out, F8 (Flyball, 8RD, EV 102.5 MPH)
|
|
Batting: RHB Jeremy Harden
|
0-0: Ball 1-0: Ball 2-0: Ball 3-0: Called Strike 3-1: Base on Balls
|
|
Batting: RHB Mohammed bin Ubaida
|
0-0: Called Strike 0-1: Called Strike 0-2: Ball 1-2: Ball 2-2: DOUBLE (Popup, 5D, EV 73.8 MPH) Jeremy Harden to third Runner from 3rd tries for Home, SAFE, no throw by 3B
|
|
Batting: LHB Fumito Sakurai
|
0-0: Ball 1-0: Ball 2-0: Ball 3-0: Called Strike 3-1: Called Strike 3-2: Ground out 6-3 (Groundball, P, EV 93.8 MPH)
|
| Top of the 2nd over - 1 run, 1 hit, 0 errors, 1 left on base; Helena 5 - Philadelphia (APP) 0 |
| BOTTOM OF THE 2ND |
|
Philadelphia (APP) Phillies batting - Pitching for Helena Brewers : LHP Sam Glaser
|
|
Batting: RHB Allen Deschamps
|
0-0: Called Strike 0-1: Ball 1-1: Foul Ball, location: 2F 1-2: Strikes out swinging
|
|
Batting: RHB Miguel Vazquez
|
0-0: Foul Ball, location: 2F 0-1: Swinging Strike 0-2: Strikes out looking
|
|
Batting: LHB Travis Hahn
|
0-0: Ball 1-0: Swinging Strike 1-1: Swinging Strike 1-2: Ball 2-2: Strikes out swinging wild pitch, reaches first!
|
|
Batting: LHB Jonathan Roman
|
0-0: Ground out U3 (Groundball, 3, EV 88.8 MPH)
|
| Bottom of the 2nd over - 0 runs, 0 hits, 0 errors, 1 left on base; Helena 5 - Philadelphia (APP) 0 |
| TOP OF THE 3RD |
|
Helena Brewers batting - Pitching for Philadelphia (APP) Phillies : LHP Justin Harrison
|
|
Batting: RHB Xiao-shuang Au
|
0-0: Ground out 5-3 (Groundball, 56, EV 97.5 MPH)
|
|
Batting: LHB Greg Reedy
|
0-0: Ball 1-0: Ball 2-0: Ball 3-0: Called Strike 3-1: Ground out 5-3 (Groundball, 56, EV 80.0 MPH)
|
|
Batting: RHB Drew Forbess
|
0-0: Ball 1-0: SOLO HOME RUN (Flyball, 7D, EV 95.6 MPH), Distance : 354 ft
|
|
Batting: LHB Alex Chairez
|
0-0: Ball 1-0: Ball 2-0: Ball 3-0: Called Strike 3-1: Base on Balls
|
|
Batting: RHB Justin Marino
|
0-0: Ball 1-0: Ball 2-0: Ball 3-0: Called Strike 3-1: Swinging Strike 3-2: SINGLE (Line Drive, 9LS, EV 113.8 MPH) Alex Chairez to second Alex Chairez to third
|
|
Batting: LHB Dusty Bryant
|
0-0: Reached on error, E3 (Groundball, 3L, EV 90.0 MPH) Alex Chairez scores Justin Marino to second
|
|
Pitching: RHP Franck Basset
|
|
|
Batting: RHB Jeremy Harden
|
0-0: Ball 1-0: Ball 2-0: Called Strike 2-1: Ball 3-1: Base on Balls Justin Marino to third Dusty Bryant to second
|
|
Batting: RHB Mohammed bin Ubaida
|
0-0: Ball 1-0: Ball 2-0: Ball 3-0: Base on Balls Justin Marino scores Dusty Bryant to third Jeremy Harden to second
|
|
Batting: LHB Fumito Sakurai
|
0-0: SINGLE (Groundball, 34D, EV 102.5 MPH) Dusty Bryant scores Jeremy Harden to third Mohammed bin Ubaida to second Runner from 3rd tries for Home, SAFE, throw by RF to home
|
|
Batting: RHB Xiao-shuang Au
|
0-0: Ball 1-0: Foul Ball, location: 2F 1-1: Ball 2-1: Foul Ball, location: 2F 2-2: Foul Ball, location: 2F 2-2: Strikes out swinging
|
| Top of the 3rd over - 5 runs, 3 hits, 1 error, 2 left on base; Helena 10 - Philadelphia (APP) 0 |
| BOTTOM OF THE 3RD |
|
Philadelphia (APP) Phillies batting - Pitching for Helena Brewers : LHP Sam Glaser
|
|
Batting: RHB Dave Gallegos
|
0-0: Ball 1-0: Called Strike 1-1: SINGLE (Line Drive, 9S, EV 100.6 MPH)
|
|
Batting: LHB Rich Kuehne
|
0-0: Swinging Strike 0-1: Ball 1-1: Swinging Strike 1-2: Ball 2-2: Fly out, F9 (Flyball, 89M, EV 95.6 MPH)
|
|
Batting: RHB Juan Valadez
|
0-0: Ball 1-0: SINGLE (Groundball, 34D, EV 96.9 MPH) Dave Gallegos to second Runner from 2nd tries for 3rd, SAFE, no throw by RF
|
|
Batting: RHB Joel Gomez
|
0-0: Ball Juan Valadez is caught stealing 2nd base 2-4 1-0: SINGLE (Groundball, 4D, EV 110.6 MPH) Dave Gallegos scores
|
|
Batting: RHB Rafael Soto
|
0-0: Ball 1-0: Ball 2-0: SINGLE (Groundball, 5D, EV 99.4 MPH) Joel Gomez to second
|
|
Batting: RHB Allen Deschamps
|
0-0: Called Strike 0-1: Fly out, F8 (Line Drive, 8RM, EV 100.6 MPH)
|
| Bottom of the 3rd over - 1 run, 4 hits, 0 errors, 2 left on base; Helena 10 - Philadelphia (APP) 1 |
| TOP OF THE 4TH |
|
Helena Brewers batting - Pitching for Philadelphia (APP) Phillies : RHP Franck Basset
|
|
Batting: LHB Greg Reedy
|
0-0: Ball 1-0: Ball 2-0: Called Strike 2-1: Foul Ball, location: 2F 2-2: SOLO HOME RUN (Flyball, 9LD, EV 91.2 MPH), Distance : 332 ft
|
|
Batting: RHB Drew Forbess
|
0-0: Ball 1-0: Called Strike 1-1: Called Strike 1-2: Ball 2-2: SOLO HOME RUN (Line Drive, 78XD, EV 107.5 MPH), Distance : 405 ft
|
|
Batting: LHB Alex Chairez
|
0-0: Swinging Strike 0-1: Ball 1-1: Foul Ball, location: 2F 1-2: Ball 2-2: Strikes out swinging
|
|
Pitching: RHP Dave Gomez
|
|
|
Batting: RHB Justin Marino
|
0-0: Called Strike 0-1: Ball 1-1: Ball 2-1: Foul Ball, location: 2F 2-2: Strikes out swinging
|
|
Batting: LHB Dusty Bryant
|
0-0: Ball 1-0: Ball 2-0: Ball 3-0: Base on Balls
|
|
Batting: RHB Jeremy Harden
|
0-0: Ball 1-0: Ground out 5-3 (Groundball, 56S, EV 80.0 MPH)
|
| Top of the 4th over - 2 runs, 2 hits, 0 errors, 1 left on base; Helena 12 - Philadelphia (APP) 1 |
| BOTTOM OF THE 4TH |
|
Philadelphia (APP) Phillies batting - Pitching for Helena Brewers : LHP Sam Glaser
|
|
Batting: RHB Miguel Vazquez
|
0-0: Foul Ball, location: 2F 0-1: Ball 1-1: Foul Ball, location: 2F 1-2: Strikes out swinging
|
|
Batting: LHB Travis Hahn
|
0-0: Foul Ball, location: 2F 0-1: Ball 1-1: Ball 2-1: DOUBLE (Line Drive, 5D, EV 99.4 MPH)
|
|
Batting: LHB Jonathan Roman
|
0-0: Ball Travis Hahn is caught stealing 3rd base 2-5 1-0: Ball 2-0: Ball 3-0: Foul Ball, location: 2F 3-1: Swinging Strike 3-2: Foul Ball, location: 2F 3-2: SINGLE (Groundball, 5S, EV 71.9 MPH) (infield hit)
|
|
Batting: RHB Dave Gallegos
|
0-0: Ball 1-0: Called Strike Jonathan Roman steals 2nd, throwing error, E2 Jonathan Roman to third 1-1: Ball 2-1: Ground out 5-3 (Groundball, 56S, EV 86.9 MPH)
|
| Bottom of the 4th over - 0 runs, 2 hits, 1 error, 1 left on base; Helena 12 - Philadelphia (APP) 1 |
| TOP OF THE 5TH |
|
Helena Brewers batting - Pitching for Philadelphia (APP) Phillies : RHP Dave Gomez
|
|
Batting: RHB Mohammed bin Ubaida
|
0-0: Called Strike 0-1: Ball 1-1: Called Strike 1-2: Fly out, F8 (Flyball, 89XD, EV 99.4 MPH)
|
|
Batting: LHB Fumito Sakurai
|
0-0: Ball 1-0: Called Strike 1-1: Ball 2-1: SOLO HOME RUN (Line Drive, 89XD, EV 98.1 MPH), Distance : 410 ft
|
|
Batting: RHB Xiao-shuang Au
|
0-0: Ball 1-0: Ball 2-0: Foul Ball, location: 2F 2-1: Swinging Strike 2-2: Strikes out swinging
|
|
Batting: LHB Greg Reedy
|
0-0: Ball 1-0: Fly out, F7 (Flyball, 78D, EV 95.0 MPH)
|
| Top of the 5th over - 1 run, 1 hit, 0 errors, 0 left on base; Helena 13 - Philadelphia (APP) 1 |
| BOTTOM OF THE 5TH |
|
Philadelphia (APP) Phillies batting - Pitching for Helena Brewers : LHP Sam Glaser
|
|
Batting: LHB Rich Kuehne
|
0-0: Ball 1-0: Foul Ball, location: 2F 1-1: Swinging Strike 1-2: Ball 2-2: Ground out 4-3 (Groundball, 34D, EV 101.9 MPH)
|
|
Batting: RHB Juan Valadez
|
0-0: Ball 1-0: Foul Ball, location: 2F 1-1: Foul Ball, location: 2F 1-2: Ball 2-2: Foul Ball, location: 2F 2-2: Strikes out looking
|
|
Batting: RHB Joel Gomez
|
0-0: Swinging Strike 0-1: Ball 1-1: Ball 2-1: Swinging Strike 2-2: Ground out 1-3 (Groundball, 34S, EV 69.4 MPH)
|
| Bottom of the 5th over - 0 runs, 0 hits, 0 errors, 0 left on base; Helena 13 - Philadelphia (APP) 1 |
| TOP OF THE 6TH |
|
Helena Brewers batting - Pitching for Philadelphia (APP) Phillies : RHP Dave Gomez
|
|
Batting: RHB Drew Forbess
|
0-0: Swinging Strike 0-1: Foul Ball, location: 2F 0-2: Ball 1-2: Foul Ball, location: 2F 1-2: Strikes out swinging
|
|
Pitching: RHP Victor Estrada
|
|
|
Batting: LHB Alex Chairez
|
0-0: Called Strike 0-1: Ball 1-1: Ball 2-1: Ball 3-1: Foul Ball, location: 2F 3-2: Base on Balls
|
|
Batting: RHB Justin Marino
|
0-0: Hit by Pitch Alex Chairez to second
|
|
Batting: LHB Dusty Bryant
|
0-0: Fly out, F9 (Flyball, 9D, EV 90.6 MPH) Runner from 2nd tags up, SAFE at 3rd, no throw by RF
|
|
Batting: RHB Jeremy Harden
|
0-0: Foul Ball, location: 2F 0-1: SINGLE (Groundball, 56D, EV 111.2 MPH) Alex Chairez scores Justin Marino to second
|
|
Batting: RHB Mohammed bin Ubaida
|
0-0: Ball 1-0: Called Strike 1-1: Ball 2-1: Swinging Strike 2-2: Ball 3-2: Strikes out swinging
|
| Top of the 6th over - 1 run, 1 hit, 0 errors, 2 left on base; Helena 14 - Philadelphia (APP) 1 |
| BOTTOM OF THE 6TH |
|
Philadelphia (APP) Phillies batting - Pitching for Helena Brewers : LHP Sam Glaser
|
|
Batting: RHB Rafael Soto
|
0-0: Ball 1-0: Ground out 5-3 (Groundball, 56, EV 85.6 MPH)
|
|
Batting: RHB Allen Deschamps
|
0-0: Called Strike 0-1: Ball 1-1: Ball 2-1: Foul Ball, location: 2F 2-2: Strikes out swinging
|
|
Batting: RHB Miguel Vazquez
|
0-0: Ball 1-0: Foul Ball, location: 2F 1-1: Called Strike 1-2: Ball 2-2: Strikes out swinging
|
| Bottom of the 6th over - 0 runs, 0 hits, 0 errors, 0 left on base; Helena 14 - Philadelphia (APP) 1 |
| TOP OF THE 7TH |
|
Helena Brewers batting - Pitching for Philadelphia (APP) Phillies : RHP Victor Estrada
|
|
Batting: LHB Fumito Sakurai
|
0-0: Called Strike 0-1: Called Strike 0-2: Ball 1-2: Foul Ball, location: 2F 1-2: Foul Ball, location: 2F 1-2: Strikes out swinging
|
|
Batting: RHB Xiao-shuang Au
|
0-0: Called Strike 0-1: Ball 1-1: Ball 2-1: Called Strike 2-2: Foul Ball, location: 2F 2-2: Strikes out swinging
|
|
Batting: LHB Greg Reedy
|
0-0: Ball 1-0: Foul Ball, location: 2F 1-1: Ball 2-1: Ball 3-1: Foul Ball, location: 2F 3-2: Base on Balls
|
|
Batting: RHB Drew Forbess
|
0-0: Ball 1-0: Swinging Strike 1-1: Foul Ball, location: 2F 1-2: Strikes out swinging
|
| Top of the 7th over - 0 runs, 0 hits, 0 errors, 1 left on base; Helena 14 - Philadelphia (APP) 1 |
| BOTTOM OF THE 7TH |
|
Philadelphia (APP) Phillies batting - Pitching for Helena Brewers : LHP Sam Glaser
|
|
Batting: LHB Travis Hahn
|
0-0: Called Strike 0-1: Fly out, F5 (Popup, 25F, EV 96.2 MPH)
|
|
DELAY
|
Rain delay of 24 minutes in the 7th inning.
|
|
Batting: LHB Jonathan Roman
|
0-0: Called Strike 0-1: Ball 1-1: SINGLE (Groundball, 4MD, EV 96.2 MPH)
|
|
Batting: RHB Dave Gallegos
|
0-0: Called Strike 0-1: Swinging Strike 0-2: Strikes out swinging
|
|
Pitching: RHP Tony Valdez
|
|
|
Batting: LHB Rich Kuehne
|
0-0: Ball 1-0: Ball 2-0: Ball 3-0: Called Strike 3-1: Foul Ball, location: 2F 3-2: SINGLE (Groundball, 56D, EV 103.1 MPH) Jonathan Roman to second Jonathan Roman to third
|
|
Batting: RHB Juan Valadez
|
0-0: Ball 1-0: Called Strike 1-1: Foul Ball, location: 2F 1-2: Ball 2-2: Ball 3-2: Foul Ball, location: 2F 3-2: Ground out 5-3 (Groundball, 56, EV 87.5 MPH)
|
| Bottom of the 7th over - 0 runs, 2 hits, 0 errors, 2 left on base; Helena 14 - Philadelphia (APP) 1 |
| TOP OF THE 8TH |
|
Helena Brewers batting - Pitching for Philadelphia (APP) Phillies : RHP Victor Estrada
|
|
Pitching: RHP Alexis Graciani
|
|
|
Batting: LHB Alex Chairez
|
0-0: Called Strike 0-1: Foul Ball, location: 2F 0-2: Hit by Pitch
|
|
Pinch Hitting: RHB Jesus Menjivar
|
0-0: Called Strike 0-1: Ball 1-1: Ball 2-1: Ball 3-1: Base on Balls Alex Chairez to second
|
|
Batting: LHB Dusty Bryant
|
0-0: Foul Ball, location: 2F 0-1: Foul Ball, location: 2F 0-2: Hit by Pitch Alex Chairez to third Jesus Menjivar to second
|
|
Batting: RHB Jeremy Harden
|
0-0: Foul Ball, location: 2F 0-1: Ball 1-1: Ball 2-1: Swinging Strike 2-2: Ball 3-2: Base on Balls Alex Chairez scores Jesus Menjivar to third Dusty Bryant to second
|
|
Batting: RHB Mohammed bin Ubaida
|
0-0: Fielders Choice at 2nd, 6-4 (Groundball, 6, EV 80.6 MPH) Jesus Menjivar scores Dusty Bryant to third
|
|
Pinch Hitting: LHB Danny Bautista
|
0-0: Ball 1-0: Ball 2-0: Ball 3-0: Called Strike 3-1: Base on Balls Mohammed bin Ubaida to second
|
|
Batting: RHB Xiao-shuang Au
|
0-0: Ball 1-0: Called Strike 1-1: Ball 2-1: Swinging Strike 2-2: Ball 3-2: Fly out, F8 (Line Drive, 8RM, EV 90.0 MPH)
|
|
Batting: LHB Greg Reedy
|
0-0: Ball 1-0: Called Strike 1-1: Ball 2-1: Ball Passed Ball! Dusty Bryant scores Mohammed bin Ubaida to third Danny Bautista to second 3-1: Base on Balls
|
|
Batting: RHB Drew Forbess
|
0-0: Ball 1-0: Ball 2-0: Called Strike 2-1: Ball 3-1: Base on Balls Mohammed bin Ubaida scores Danny Bautista to third Greg Reedy to second
|
|
Batting: LHB Alex Chairez
|
0-0: SINGLE (Groundball, 3S, EV 69.4 MPH) (infield hit) Danny Bautista scores Greg Reedy to third Drew Forbess to second
|
|
Pitching: LHP Jesse Haught
|
|
|
Batting: RHB Jesus Menjivar
|
0-0: Ball Wild Pitch! Greg Reedy scores Drew Forbess to third Alex Chairez to second 1-0: Swinging Strike 1-1: Foul Ball, location: 2F 1-2: Strikes out swinging
|
| Top of the 8th over - 6 runs, 1 hit, 0 errors, 2 left on base; Helena 20 - Philadelphia (APP) 1 |
| BOTTOM OF THE 8TH |
|
Philadelphia (APP) Phillies batting - Pitching for Helena Brewers : RHP Tony Valdez
|
|
Now at 2B: Jesus Menjivar
|
|
|
Now at SS: Mohammed bin Ubaida
|
|
|
Now in RF: Danny Bautista
|
|
|
Batting: RHB Joel Gomez
|
0-0: Called Strike 0-1: Ball 1-1: Ball 2-1: Swinging Strike 2-2: Strikes out swinging
|
|
Pinch Hitting: SHB Brett St. Clair
|
0-0: Foul Ball, location: 2F 0-1: Ball 1-1: Swinging Strike 1-2: Ball 2-2: Foul Ball, location: 2F 2-2: Foul Ball, location: 2F 2-2: Ball 3-2: Foul Ball, location: 2F 3-2: Base on Balls
|
|
Batting: RHB Allen Deschamps
|
0-0: Foul Ball, location: 2F 0-1: Ball 1-1: Foul Ball, location: 2F 1-2: Strikes out looking
|
|
Batting: RHB Miguel Vazquez
|
0-0: Ball 1-0: Called Strike 1-1: Swinging Strike 1-2: Foul Ball, location: 2F 1-2: Strikes out swinging
|
| Bottom of the 8th over - 0 runs, 0 hits, 0 errors, 1 left on base; Helena 20 - Philadelphia (APP) 1 |
| TOP OF THE 9TH |
|
Helena Brewers batting - Pitching for Philadelphia (APP) Phillies : LHP Jesse Haught
|
|
Now in RF: Brett St. Clair
|
|
|
Batting: LHB Dusty Bryant
|
0-0: Hit by Pitch
|
|
Batting: RHB Jeremy Harden
|
0-0: Fly out, F7 (Line Drive, 7S, EV 100.0 MPH)
|
|
Batting: RHB Mohammed bin Ubaida
|
0-0: Called Strike 0-1: Ball 1-1: Ball 2-1: Ball 3-1: Called Strike 3-2: Base on Balls Dusty Bryant to second
|
|
Batting: LHB Danny Bautista
|
0-0: Foul Ball, location: 2F 0-1: Foul Ball, location: 2F 0-2: Fly out, F8 (Line Drive, 89D, EV 95.0 MPH)
|
|
Batting: RHB Xiao-shuang Au
|
0-0: Foul Ball, location: 2F 0-1: Foul Ball, location: 2F 0-2: Ball 1-2: Strikes out swinging
|
| Top of the 9th over - 0 runs, 0 hits, 0 errors, 2 left on base; Helena 20 - Philadelphia (APP) 1 |
| BOTTOM OF THE 9TH |
|
Philadelphia (APP) Phillies batting - Pitching for Helena Brewers : RHP Tony Valdez
|
|
Batting: LHB Travis Hahn
|
0-0: Ball 1-0: Called Strike 1-1: Called Strike 1-2: Strikes out swinging
|
|
Batting: LHB Jonathan Roman
|
0-0: Called Strike 0-1: Called Strike 0-2: Foul Ball, location: 2F 0-2: Ball 1-2: Strikes out looking
|
|
Batting: RHB Dave Gallegos
|
0-0: Ball 1-0: Foul Ball, location: 2F 1-1: Ball 2-1: Ball 3-1: Called Strike 3-2: Fly out, F9 (Line Drive, 9S, EV 91.9 MPH)
|
| Bottom of the 9th over - 0 runs, 0 hits, 0 errors, 0 left on base; Helena 20 - Philadelphia (APP) 1 |
|